 Dungeon Crawl Stone Soup version 0.24-a0-251-g44e327e (webtiles) character file.

Game seed: 5488094574874418332

301 Hasart the Cutter (level 6, -5/37 HPs)
             Began as a Kobold Gladiator on Apr 17, 2019.
             Was an Initiate of Ru.
             Slain by an ogre
             ... wielding a +0 giant club
              (21 damage)
             ... on level 4 of the Dungeon.
             The game lasted 00:07:21 (3557 turns).

Hasart the Cutter (Kobold Gladiator)                Turns: 3557, Time: 00:07:22

Health: -5/37      AC:  6    Str: 13    XL:     6   Next: 64%
Magic:  0/7        EV: 15    Int: 10    God:    Ru [......]
Gold:   139        SH:  0    Dex: 16    Spells: 5/5 levels left

rFire    . . .     SeeInvis .   a - +0 rapier
rCold    . . .     Gourm    .   (shield restricted)
rNeg     + . .     Faith    .   y - +0 ring mail (curse)
rPois    .         Spirit   +   c - +0 helmet
rElec    .         Reflect  .   n - scarf {Spirit}
rCorr    .         Harm     .   (no gloves)
MR       +....                  (no boots)
Stlth    ++........             o - amulet of the acrobat
HPRegen  0.12/turn              l - ring of positive energy
MPRegen  0.10/turn              s - ring of protection from magic

@: no status effects
A: small, carnivore
a: Renounce Religion


You were on level 4 of the Dungeon.
You worshipped Ru.
Ru was noncommittal.
You were completely stuffed.

You visited 2 branches of the dungeon, and saw 5 of its levels.

You collected 139 gold pieces.

Inventory:

Hand Weapons
 a - a +0 rapier (weapon)
Missiles
 d - 3 throwing nets (quivered)
Armour
 b - a +0 leather armour
 c - a +0 helmet (worn)
 n - a scarf of spirit shield (worn)
 y - a cursed +0 ring mail (worn)
Jewellery
 l - a ring of positive energy (left hand)
 m - an uncursed amulet of rage
 o - an amulet of the acrobat (around neck)
 s - a ring of protection from magic (right hand)
Scrolls
 e - 2 scrolls of immolation {unknown}
 i - 3 scrolls of magic mapping {unknown}
 j - 4 scrolls of identify {unknown}
 k - 4 scrolls of remove curse {unknown}
 r - 2 scrolls of blinking {unknown}
 t - 2 scrolls of fog {unknown}
 v - 2 scrolls of enchant weapon {unknown}
 x - 2 scrolls of teleportation {unknown}
Potions
 g - a potion of heal wounds {unknown}
 h - a potion of invisibility {unknown}
 p - a potion of lignification {unknown}
 q - a potion of flight {unknown}
 u - 2 potions of resistance {unknown}
 w - a potion of haste {unknown}
Comestibles
 f - 8 rations


   Skills:
 + Level 3.3 Fighting
 * Level 6.1 Short Blades
 - Level 2.1 Throwing
 + Level 1.6 Armour
 + Level 4.4 Dodging
 + Level 3.0 Stealth
 + Level 2.2 Evocations


You had 5 spell levels left.
You didn't know any spells.
Your spell library was empty.

Dungeon Overview and Level Annotations

Branches:
Dungeon (4/15)             Temple (1/1) D:4

Altars:
Cheibriados
Gozag
Hepliaklqana
Kikubaaqudgha
Okawaru
Ru
Trog
Zin
The Shining One


Innate Abilities, Weirdness & Mutations

You are small and have problems with some larger weapons.
You are carnivorous and can eat meat at any time.


Message History

The ogre is moderately wounded.
The ogre closely misses you.
You hit the ogre.
The ogre is moderately wounded.
You hit the ogre.
The ogre is heavily wounded.
The ogre closely misses you.
You puncture the ogre!
The ogre is severely wounded.
The ogre hits you with a +0 giant club!!
Ouch! That really hurt!
* * * LOW HITPOINT WARNING * * *
All of the chunks of flesh in your inventory have rotted away.
Things that are here:
a +0 trident; a +0 robe; an orc skeleton You hit the ogre.
The ogre is almost dead.
The ogre hits you with a +0 giant club!!
Ouch! That really hurt!
You die...

#...........# #.#########.#
#.# #.# ### #.# #.###.. #.#
#.##)## ###### ###.# #....#
#....######...# ####.##
#...........O.# ##).
#....#)..#..@## ###
#....#.⌠.#...##########
#..###...###...<......######.
#............########........
#...⌠..>..⌠...#######..#####.
#......................#..
####..###...###...........#.#
#.......#.⌠.#....######..##.#
#.###...#...#....# #..##.#


You could see an ogre.

Vanquished Creatures
  An orc priest (D:3)
  2 orc wizards (D:4)
  A gnoll shaman (D:4)
  6 adders
  4 gnolls (D:4)
  2 worms
  2 dart slugs (D:2)
  A leopard gecko (D:4)
  13 orcs
  5 bats
  4 giant cockroaches
  6 goblins
  6 hobgoblins
  4 jackals
  12 kobolds
  2 quokkas
  A ball python (D:3)
  3 frilled lizards
  3 rats
78 creatures vanquished.

Notes
Turn   | Place    | Note
-------+----------+-------------------------------------------
     0 | D:1      | Hasart the Kobold Gladiator began the quest for the Orb.
     0 | D:1      | Reached XP level 1. HP: 12/12 MP: 1/1
   304 | D:1      | Reached XP level 2. HP: 17/17 MP: 2/2
   618 | D:1      | Reached skill level 1 in Stealth
  1144 | D:2      | Reached XP level 3. HP: 22/22 MP: 3/3
  1327 | D:2      | Found a hazy altar of Hepliaklqana.
  1361 | D:2      | Reached XP level 4. HP: 27/27 MP: 2/4
  1366 | D:2      | Reached skill level 1 in Evocations
  1459 | D:2      | Found a faded altar of an unknown god.
  1870 | D:3      | Reached skill level 5 in Short Blades
  1870 | D:3      | Reached skill level 1 in Armour
  1945 | D:3      | Reached XP level 5. HP: 32/32 MP: 6/6
  2824 | D:4      | Found a staircase to the Ecumenical Temple.
  2837 | Temple   | Entered the Ecumenical Temple
  2864 | Temple   | Became a worshipper of Ru the Awakened
  2944 | D:4      | Reached XP level 6. HP: 35/37 MP: 7/7
  3213 | D:4      | Reached skill level 6 in Short Blades
  3470 | D:4      | Noticed an ogre
  3557 | D:4      | Slain by an ogre

Levels and vault maps discovered:
D:1:      saegor_arrival_simple_d, layout_basic, corexii_leaking_fountain
D:2:      layout_loops_cross, lemuel_crystal_altar,
          chequers_ecumenical_altar_grove
D:3:      layout_basic, first_ration, minmay_misc_feat_rugged, minmay_cut_off
D:4:      layout_loops_ring, minmay_temple_entry_junction_2
Temple:   regret_index_temple_sphere_string

Skill      XL: |  1  2  3  4  5  6 |
---------------+-------------------+-----
Stealth        | 1 2 3 |  3.0
Evocations     | 1 2 |  2.2
Dodging        | 4 |  4.4
Short Blades   | 5 6 |  6.1
Armour         | 1 |  1.6
Fighting       | 3 |  3.3
Throwing       | |  2.1

Action                   |  1- 3 |  4- 6 || total
-------------------------+-------+-------++-------
Melee: Rapier            |    75 |   219 ||   294
 Stab: Sleeping          |     5 |     2 ||     7
       Distracted        |       |     1 ||     1
  Eat: Chunk             |    10 |     7 ||    17
Armor: Leather armour    |    15 |    20 ||    35
       Ring mail         |       |     6 ||     6
Dodge: Dodged            |    67 |   170 ||   237

Table legend:
 A = Non-vault XP
 B = Vault XP
 C = Vault XP percentage of total XP
 D = Non-vault monster count
 E = Vault monster count
 F = Vault count percentage of total count
                 A         B        C        D         E       F
            +---------+---------+-------+---------+---------+-------
      Total |     429 |       2 |   0.5 |      76 |       2 |   2.6
            +---------+---------+-------+---------+---------+-------
        D:1 |      20 |       0 |   0.0 |      11 |       0 |   0.0
        D:2 |      70 |       0 |   0.0 |      17 |       0 |   0.0
        D:3 |     142 |       2 |   1.4 |      36 |       2 |   5.3
        D:4 |     197 |       0 |   0.0 |      12 |       0 |   0.0
            +---------+---------+-------+---------+---------+-------
